 Dungeon Crawl Stone Soup version 0.26-a0-1040-gbe3abf3417 (webtiles) character file.

Game seed: 7700904659340350958

28 Dracia the Sneak (level 3, 0/29 HPs)
             Began as a Merfolk Delver on Dec 11, 2020.
             Slain by a gnoll shaman
             ... wielding a +0 whip
              (9 damage)
             ... on level 3 of the Dungeon.
             The game lasted 00:02:11 (1184 turns).

Dracia the Sneak (Merfolk Delver)                   Turns: 1184, Time: 00:02:12

Health: 0/29       AC:  4    Str: 12    XL:     3   Next: 12%
Magic:  3/3        EV: 12    Int: 10    God:
Gold:   55         SH:  0    Dex: 15    Spells: 2/2 levels left

rFire    . . .     SeeInvis .   a - +0 spear
rCold    . . .     Faith    .   (no shield)
rNeg     . . .     Spirit   .   b - +0 leather armour
rPois    .         Reflect  .   (no helmet)
rElec    .         Harm     .   (no cloak)
rCorr    .         Rampage  .   (no gloves)
Will     .....                  j - +0 pair of boots
Stlth    +.........             (no amulet)
HPRegen  0.09/turn              (no ring)
MPRegen  0.08/turn              (no ring)

@: hasted, glowing, very quick
A: change form in water, swift swim, stealthy swim
a: no special abilities


You were on level 3 of the Dungeon.
You visited 1 branch of the dungeon, and saw 3 of its levels.

You collected 55 gold pieces.


   Skills:
 - Level 3.2 Fighting
 + Level 5.2 Polearms
 - Level 2.6 Dodging
 - Level 5.4 Stealth


You had 2 spell levels left.
You didn't know any spells.
Your spell library contained the following spells:

 Spells                   Type           Power        Failure   Level
 Confusing Touch          Hex            #.......     82%         3
 Gell's Gravitas          Tloc           #.........   82%         3
 Petrify                  Tmut/Erth      #.......     99%         4
 Metabolic Englaciation   Hex/Ice        #.........   100%        5
 Yara's Violent Unravell  Hex/Tmut       #.........   100%        5

Inventory:

Hand Weapons
 a - a +0 spear (weapon)
Armour
 b - a +0 leather armour (worn)
 j - a +0 pair of boots (worn)
Wands
 g - a wand of digging (3)
Scrolls
 c - a scroll of fog
 d - a scroll of magic mapping
 e - a scroll of fear
 h - 3 scrolls of identify {unknown}
 k - a scroll of remove curse {unknown}
Potions
 i - 2 potions of attraction {unknown}
 l - a potion of brilliance {unknown}
 m - a potion of mutation {unknown}
 n - 2 potions of lignification {unknown}
 o - 2 potions of heal wounds {unknown}

Dungeon Overview and Level Annotations

Branches:
Dungeon (5/15)
 Temple: D:4-7

Altars:

#..
#.#
#.#
#.#
..#
#.#
#K#
#@#
#g#
...
.#.##
.....
#.
###
.. ..


You could see a gnoll shaman and a kobold.


Message History

The gnoll shaman closely misses you.
Sorry, you're not good enough to have a special ability.
You feel yourself speed up.
The gnoll shaman hits you with a +0 whip.
You barely miss the gnoll shaman.
The gnoll shaman is lightly wounded.
You hit the gnoll shaman.
The gnoll shaman is lightly wounded.
The gnoll shaman hits you with a +0 whip.
* * * LOW HITPOINT WARNING * * *
You closely miss the gnoll shaman.
The gnoll shaman is lightly wounded.
You hit the gnoll shaman.
The gnoll shaman is moderately wounded.
The gnoll shaman barely misses you.
You hit the gnoll shaman.
The gnoll shaman is heavily wounded.
The kobold barely misses you.
You closely miss the gnoll shaman.
The gnoll shaman is heavily wounded.
The gnoll shaman hits you with a +0 whip.
* * * LOW HITPOINT WARNING * * *
You barely miss the gnoll shaman.
The gnoll shaman is heavily wounded.
The kobold hits you with a +0 dagger.
* * * LOW HITPOINT WARNING * * *
You closely miss the gnoll shaman.
The gnoll shaman is heavily wounded.
The gnoll shaman hits you with a +0 whip!
You die...

Skill      XL: |  1  2 |
---------------+-------+-----
Polearms       | 4 5 |  5.2
Fighting       | |  3.2
Dodging        | |  2.6
Stealth        | |  5.4

Action                   || total
-------------------------++-------
Melee: Spear             ||    47
  Use: Potion            ||     1
Armor: Leather armour    ||     8
Dodge: Dodged            ||    19

Levels and vault maps discovered:
D:3:      layout_loops_ring, gammafunk_ghost_icy, minmay_misc_feat_x,
          nicolae_tso_carved_into_rock, uniq_terence
D:4:      layout_basic, minmay_temple_entry_stoned_glass
D:5:      layout_loops_ring

Notes
Turn   | Place    | Note
-------+----------+-------------------------------------------
     0 | D:5      | Dracia the Merfolk Delver began the quest for the Orb.
     0 | D:5      | Reached XP level 1. HP: 18/18 MP: 1/1
    30 | D:5      | Reached skill level 4 in Polearms
    30 | D:5      | Reached XP level 2. HP: 13/24 MP: 2/2
   845 | D:4      | Reached skill level 5 in Polearms
   845 | D:4      | Reached XP level 3. HP: 21/29 MP: 3/3
  1090 | D:4      | Noticed an ogre
  1184 | D:3      | Slain by a gnoll shaman

Vanquished Creatures
  A hound zombie (D:5)
  An adder (D:4)
  A leopard gecko (D:4)
  A giant cockroach (D:4)
4 creatures vanquished.

Table legend: (Time is in decaauts)
 A = Elapsed time spent in this place.
 B = Non-inter-level travel time spent in this place.
 C = Inter-level travel time spent in this place.
 D = Time resting spent in this place.
 E = Time spent auto-exploring this place.
 F = Levels seen in this place.
 G = Mean time per level.
                   A        B        C        D        E       F      G
               +--------+--------+--------+--------+--------+-----+--------+
         Total |   1175 |   1135 |     40 |    325 |    435 |   3 |  391.7 |
       Dungeon |   1175 |   1135 |     40 |    325 |    435 |   3 |  391.7 |
               +--------+--------+--------+--------+--------+-----+--------+

Top non-repeatable levels by time:
     D:5: 825 daAuts
     D:4: 340 daAuts
     D:3: 9 daAuts

Table legend:
 A = Non-vault XP
 B = Vault XP
 C = Vault XP percentage of total XP
 D = Non-vault monster count
 E = Vault monster count
 F = Vault count percentage of total count
                 A         B        C        D         E       F
            +---------+---------+-------+---------+---------+-------
      Total |      40 |       0 |   0.0 |       4 |       0 |   0.0
            +---------+---------+-------+---------+---------+-------
        D:4 |      18 |       0 |   0.0 |       3 |       0 |   0.0
        D:5 |      22 |       0 |   0.0 |       1 |       0 |   0.0
            +---------+---------+-------+---------+---------+-------
